 Dungeon Crawl Stone Soup version 0.21.1-1-g345015f (webtiles) character file.

974 AdmiralAndromeda the Cudgeler (level 7, -13/67 HPs)
             Began as a Troll Hunter on Mar 30, 2018.
             Mangled by an ogre
             ... wielding a +0 giant club
              (15 damage)
             ... on level 5 of the Dungeon.
             The game lasted 00:20:34 (4466 turns).

AdmiralAndromeda the Cudgeler (Troll Hunter)        Turns: 4466, Time: 00:20:34

Health: -13/67     AC:  7    Str: 23    XL:     7   Next: 95%
Magic:  7/7        EV: 12    Int:  7    God:
Gold:   267        SH:  0    Dex: 10    Spells: 6/6 levels left

rFire    . . .     SeeInvis .   m - +0 mace
rCold    . . .     Gourm    +   (no shield)
rNeg     . . .     Faith    .   b - +0 robe
rPois    +         Spirit   .   (helmet restricted)
rElec    .         Reflect  .   p - +0 cloak
rCorr    .         Harm     .   (gloves unavailable)
MR       +....                  (boots unavailable)
Stlth    +.........             (no amulet)
HPRegen  0.61/turn              C - ring of poison resistance
MPRegen  0.10/turn              (no ring)

@: no status effects
A: large, unfitting armour, claws 3, repulsion field 1, fast metabolism 3,
gourmand, magic resistance 1, regeneration 1, shaggy fur 2, tough skin 2, wild
magic 1
a: no special abilities


You were on level 5 of the Dungeon.
You were full.

You visited 1 branch of the dungeon, and saw 5 of its levels.

You collected 267 gold pieces.

Inventory:

Hand Weapons
 a - a +0 short sword
 e - a +0 whip
 m - a +0 mace (weapon)
 t - a +0 falchion of holy wrath
 w - a +0 giant club
 D - a +0 flail
Missiles
 c - a large rock (quivered)
 d - a throwing net
 l - 170 stones
 z - 8 curare-tipped needles
Armour
 b - a +0 robe (worn)
 p - a +0 cloak (worn)
Jewellery
 C - a ring of poison resistance (left claw)
Wands
 u - a wand of digging (16)
 v - a wand of enslavement (11)
 x - a wand of acid (2)
 A - a wand of clouds (3)
Scrolls
 g - 5 scrolls of teleportation {unknown}
 i - a scroll of magic mapping {unknown}
 n - a scroll of enchant armour {unknown}
 o - 2 scrolls of enchant weapon {unknown}
 q - 5 scrolls of identify {unknown}
 r - 3 scrolls of amnesia {unknown}
 s - 3 scrolls of remove curse
 y - 2 scrolls of fear {unknown}
Potions
 h - 2 potions of flight {unknown}
 j - a potion of mutation
Comestibles
 f - 8 rations


   Skills:
 + Level 3.1 Fighting
 * Level 6.6 Maces & Flails
 + Level 4.5 Throwing
 - Level 1.5 Dodging
 - Level 0.3 Stealth
 * Level 1.9 Evocations


You had 6 spell levels left.
You didn't know any spells.

Dungeon Overview and Level Annotations

Branches:
Dungeon (5/15)
 Temple: D:4-7

Altars:
Makhleb
Qazlal
Ru
Sif Muna
Vehumet

Shops:
D:4 [


Innate Abilities, Weirdness & Mutations

You are too large for most types of armour.
You have claws for hands.
Your metabolism is lightning-fast.
You like to eat raw meat.
Your natural rate of healing is unusually fast.
You are covered in thick fur. (AC +2)
You have very tough skin. (AC +2)
You are surrounded by a mild repulsion field. (EV +2)
You are resistant to hostile enchantments. (MR+)
Your spells are a little harder to cast, but a little more powerful.


Message History

* * * LOW HITPOINT WARNING * * *
Throwing (i - inventory. (,) - cycle):
c - 4 large rocks (quivered)
Press: ? - help, Shift-Dir - straight line, f - ogre
Aim: an ogre, wielding a giant club (severely wounded)
You throw a large rock.
The large rock completely misses the ogre.
The ogre closely misses you.
Throwing (i - inventory. (,) - cycle):
c - 3 large rocks (quivered)
Press: ? - help, Shift-Dir - straight line, f/p - ogre
Aim: an ogre, wielding a giant club (severely wounded)
You throw a large rock.
The large rock completely misses the ogre.
The ogre hits you with a giant club!
* * * LOW HITPOINT WARNING * * *
Throwing (i - inventory. (,) - cycle):
c - 2 large rocks (quivered)
Press: ? - help, Shift-Dir - straight line, f/p - ogre
Aim: an ogre, wielding a giant club (severely wounded)
You throw a large rock. The large rock barely misses the ogre.
The ogre misses you. The ogre hits you with a giant club!
You die...

#.#.#.....#.#.##.#######
###.#.........#.##.#
#....##.#.....#.##.# ##
#...........#.#.##.# .#
#.......#####.#.##.# .#
#....#### #...##.# .#
#....# #######.# .#
#....# #.......#
.####....#######@#######
................O.....#
.####.................#
.# #.................#
.# ############.######
.# #.# .# #.# .# #(# .#


You could see an ogre.

Vanquished Creatures
  Grinder (D:4)
  An ice beast (D:5)
  An ogre (D:5)
  A centaur (D:5)
  A scorpion (D:5)
  A howler monkey (D:4)
  A hound (D:5)
  2 orc priests (D:4)
  Ijyb (D:4)
  An iguana (D:4)
  An orc wizard (D:4)
  A hound skeleton (D:5)
  Robin (D:4)
  7 gnolls
  7 adders
  A shadow imp (D:5)
  An adder zombie (D:5)
  A worm (D:2)
  A dart slug (D:3)
  3 leopard geckos
  3 orcs
  7 bats
  4 giant cockroaches
  9 goblins
  12 hobgoblins
  16 jackals
  3 quokkas
  3 ball pythons
  6 frilled lizards
  4 kobolds
  3 rats
105 creatures vanquished.

Notes
Turn   | Place    | Note
-------+----------+-------------------------------------------
     0 | D:1      | AdmiralAndromeda the Troll Hunter began the quest for the Orb.
     0 | D:1      | Reached XP level 1. HP: 19/19 MP: 0/0
   192 | D:1      | Reached XP level 2. HP: 21/27 MP: 1/1
   765 | D:2      | Reached skill level 1 in Maces & Flails
   765 | D:2      | Reached XP level 3. HP: 25/35 MP: 2/2
  1024 | D:2      | Found a radiant altar of Vehumet.
  1054 | D:2      | Reached skill level 2 in Maces & Flails
  1058 | D:2      | Reached XP level 4. HP: 20/42 MP: 3/3
  1973 | D:3      | Found a deep blue altar of Sif Muna.
  2125 | D:3      | Reached skill level 3 in Maces & Flails
  2125 | D:3      | Reached XP level 5. HP: 37/49 MP: 4/4
  2410 | D:4      | Noticed Ijyb
  2417 | D:4      | Killed Ijyb
  2423 | D:4      | Found Uklul's Antique Armour Boutique.
  2850 | D:4      | Reached skill level 4 in Maces & Flails
  2850 | D:4      | Reached XP level 6. HP: 38/58 MP: 5/5
  3165 | D:4      | Noticed Grinder
  3167 | D:4      | Noticed Robin
  3168 | D:4      | Reached skill level 1 in Evocations
  3194 | D:4      | Paralysed by Grinder for 4 turns
  3198 | D:4      | Gained mutation: You are surrounded by a mild repulsion field. (EV +2) [potion of mutation]
  3198 | D:4      | Gained mutation: You are resistant to hostile enchantments. (MR+) [potion of mutation]
  3198 | D:4      | Gained mutation: You are covered in thick fur. (AC +2) [potion of mutation]
  3198 | D:4      | Gained mutation: Your spells are a little harder to cast, but a little more powerful. [potion of mutation]
  3201 | D:4      | Paralysed by Grinder for 6 turns
  3220 | D:5      | Entered Level 5 of the Dungeon
  3301 | D:4      | Killed Robin
  3407 | D:4      | Killed Grinder
  3407 | D:4      | Reached skill level 5 in Maces & Flails
  3407 | D:4      | Reached XP level 7. HP: 25/66 MP: 5/7
  3740 | D:5      | Noticed a fire elemental
  3746 | D:5      | Noticed an air elemental
  3747 | D:5      | Found a stormy altar of Qazlal.
  3843 | D:5      | Noticed a water elemental
  3856 | D:5      | Found a burning altar of Makhleb.
  3945 | D:5      | Reached skill level 6 in Maces & Flails
  4070 | D:5      | Found a sacrificial altar of Ru.
  4465 | D:5      | HP: 1/67 [ogre/giant club (9)]
  4466 | D:5      | Mangled by an ogre

Skill      XL: |  1  2  3  4  5  6  7 |
---------------+----------------------+-----
Throwing       | 4 |  4.5
Maces & Flails | 1 2 3 4 5 6 |  6.6
Fighting       | 2 3 |  3.1
Evocations     | 1 |  1.9
Dodging        | |  1.5
Stealth        | |  0.3

Action                   |  1- 3 |  4- 6 |  7- 9 || total
-------------------------+-------+-------+-------++-------
Melee: Whip              |   108 |   277 |    50 ||   435
       Unarmed           |    10 |       |       ||    10
       Short sword       |     6 |       |       ||     6
       Mace              |       |    21 |    69 ||    90
       Falchion          |       |    13 |       ||    13
Throw: Stone             |    11 |     3 |       ||    14
       Large rock        |     5 |    12 |     4 ||    21
       Throwing net      |     1 |       |       ||     1
Evoke: Wand              |       |     3 |       ||     3
  Use: Potion            |       |     5 |       ||     5
       Scroll            |       |     1 |       ||     1
 Stab: Sleeping          |     2 |       |       ||     2
  Eat: Chunk             |    15 |    22 |     7 ||    44
Armor: Robe              |    77 |   123 |    38 ||   238
       Skin              |       |    61 |       ||    61
Dodge: Dodged            |    87 |   205 |    60 ||   352
       Rpst.: Falchion   |       |     1 |       ||     1
